 Dungeon Crawl Stone Soup version 0.16-a0-4083-g5af668b (webtiles) character file.

765 PolkaDot the Jinx (level 7, -1/46 HPs)
             Began as a Vampire Enchanter on Feb 22, 2015.
             Shot with an arrow by a centaur (15 damage)
             ... summoned by a shadow trap
             ... triggered by the player character
             ... on level 6 of the Dungeon.
             The game lasted 00:11:06 (4932 turns).

PolkaDot the Jinx (Vampire Enchanter)               Turns: 4932, Time: 00:11:07

Health: -1/46      AC:  2    Str:  7    XL:     7   Next: 51%
Magic:  12/12      EV: 12    Int: 19    God:
Gold:   172        SH:  0    Dex: 14    Spells: 3 memorised, 4 levels left

rFire  . . .     SeeInvis +     e - +1 dagger (elec)
rCold  + + +     Clarity  .     f - +0 robe (curse)
rNeg   + + +     SustAb   .     h - +0 buckler
rPois  ∞         Gourm    .     (no helmet)
rElec  .         Spirit   .     (no cloak)
rCorr  +         Warding  .     (no gloves)
rMut   .         Stasis   .     (no boots)
MR     .....                    t - amulet of resist corrosion
Stlth  +++.......               g - ring of stealth
                                p - ring of protection from cold

@: confused, bloodless, non-regenerating, not resistant to hostile enchantments,
fairly stealthy
A: bottle blood, fangs 3, see invisible, unbreathing
a: Bat Form


You were on level 6 of the Dungeon.
You were bloodless.

You visited 1 branch of the dungeon, and saw 6 of its levels.

You collected 172 gold pieces.

Inventory:

Hand weapons
 e - a +1 dagger of electrocution (weapon)
Armour
 b - the +3 leather armour of Zaus {rPois Str+4 Dex-5, unknown}
   (You found it on level 5 of the Dungeon)

   It affects your strength (+4).
   It affects your dexterity (-5).
   It protects you from poison.
 f - a cursed +0 robe (worn)
 h - a +0 buckler (worn)
Jewellery
 g - a ring of stealth (right hand)
 p - a ring of protection from cold (left hand)
 t - an amulet of resist corrosion (around neck)
Magical devices
 k - a wand of flame (15)
 n - a wand of flame (17)
 r - a wand of heal wounds (3)
Scrolls
 i - a scroll of immolation
 m - a scroll of blinking
 o - 5 scrolls of remove curse {unknown}
 s - a scroll of fear
Potions
 a - a potion of haste
 d - a potion of restore abilities
 j - a potion of flight {unknown}
 l - a potion of curing
 q - a potion of might
Books
 c - a book of Maledictions

   Spells                             Type                      Level
   a - Corona                         Hexes                        1
   b - Sure Blade                     Hexes/Charms                 2
   c - Ensorcelled Hibernation        Hexes/Ice                    2
   d - Confuse                        Hexes                        3
   e - Dazzling Spray                 Conjuration/Hexes            3
   f - Enslavement                    Hexes                        4


   Skills:
 + Level 4.2 Short Blades
 - Level 2.1 Dodging
 + Level 7.9 Stealth
 - Level 2.0 Spellcasting
 * Level 9.5 Hexes
 - Level 1.2 Ice Magic


You had 4 spell levels left.
You knew the following spells:

 Your Spells              Type           Power        Failure   Level  Hunger
a - Corona                Hex            #####..      1%          1    #......
c - Confuse               Hex            #####...     1%          3    ###....
d - Ensorcelled Hibernat  Hex/Ice        ###...       6%          2    ###....


Dungeon Overview and Level Annotations

Branches:
Dungeon (6/15)
 Temple: D:4-7

Altars:
Makhleb
Ru


Innate Abilities, Weirdness & Mutations

You do not heal naturally.
You can bottle blood from corpses.
You have razor-sharp teeth.
You have supernaturally acute eyesight.
You can survive without breathing.


Message History

Confirm with . or Enter, or press ? or * to list all spells.
Aiming: Ensorcelled Hibernation
Press: ? - help, Shift-Dir - straight line, f - centaur
Aim: a centaur (summoned, chance 51%)
The centaur resists with some effort.
You block the centaur's attack. The shadow imp hits you.
* * * LOW HITPOINT WARNING * * *
The centaur wields a shortbow.
The centaur shoots an arrow.
The arrow closely misses you.
The arrow disappears in a puff of smoke!
The shadow imp hits you.
* * * LOW HITPOINT WARNING * * *
Drink which item? (? for menu, Esc to quit)
You are confused.
You feel invigorated.
The centaur shoots an arrow.
The arrow barely misses you.
The arrow disappears in a puff of smoke!
The shadow imp shouts, "Relinquish hope, thou unmuzzled bloodless Cock-Lorel!"
The shadow imp hits you but does no damage.
The centaur shoots an arrow.
The arrow hits you!
You die...

#########
######.......#
#...(...####.#
#.####..####.#########
#.##......##.#.......#
#....#..#.##.#.#####.#
#.......#.......@5#
##.###.......#.##^#
##.# #########.##c#
#..## #...l. ..<.#
####.## #.#.#######
#.# #.#.#.....# #..
..#.#.....# ##.
#.........# .


You could see a centaur, a shadow imp and a giant gecko.

Vanquished Creatures
  A phantom (D:4)
  2 ogres
  A centaur zombie (D:5)
  A goliath beetle (D:6)
  2 orc wizards (D:3)
  2 crimson imps (D:5)
  A hound (D:4)
  2 orc priests (D:3)
  2 worker ant zombies (D:5)
  9 adders
  A shadow imp (D:5)
  A giant mite (D:5)
  2 worms
  An adder zombie (D:5)
  An adder skeleton (D:5)
  2 giant geckos
  An ooze (D:2)
  10 orcs (D:3)
  A ball python (D:2)
  9 bats
  3 giant cockroaches
  4 goblins
  15 hobgoblins
  4 jackals (D:3)
  9 kobolds
  2 quokkas (D:3)
  7 giant newts
  A jackal skeleton (D:6)
  8 rats
105 creatures vanquished.

Notes
Turn   | Place    | Note
--------------------------------------------------------------
     0 | D:1      | PolkaDot, the Vampire Enchanter, began the quest for the Orb.
     0 | D:1      | Reached XP level 1. HP: 13/13 MP: 3/3
   566 | D:1      | Reached XP level 2. HP: 19/19 MP: 4/4
   624 | D:1      | Reached skill level 5 in Hexes
  1169 | D:1      | Learned a level 2 spell: Ensorcelled Hibernation
  1232 | D:1      | You fall through a shaft!
  1245 | D:2      | Found a sacrificial altar of Ru.
  1253 | D:2      | Reached skill level 1 in Ice Magic
  1384 | D:2      | Reached XP level 3. HP: 24/24 MP: 6/6
  1409 | D:2      | Learned a level 3 spell: Confuse
  1820 | D:2      | Reached skill level 5 in Stealth
  2432 | D:1      | Reached XP level 4. HP: 30/30 MP: 7/7
  2535 | D:3      | Reached skill level 6 in Hexes
  2585 | D:3      | Reached XP level 5. HP: 24/35 MP: 5/9
  2881 | D:3      | Found a burning altar of Makhleb.
  3099 | D:3      | Reached skill level 7 in Hexes
  3600 | D:3      | Reached XP level 6. HP: 38/41 MP: 7/10
  3764 | D:4      | Reached skill level 8 in Hexes
  3785 | D:5      | Entered Level 5 of the Dungeon
  3930 | D:5      | Reached XP level 7. HP: 46/46 MP: 4/12
  4074 | D:5      | Got a steaming leather armour
  4089 | D:5      | Reached skill level 9 in Hexes
  4932 | D:6      | Shot with an arrow by a centaur

Action                   |  1- 3 |  4- 6 |  7- 9 || total
-------------------------+-------+-------+-------++-------
Melee: Dagger            |    62 |   120 |    33 ||   215
 Cast: Corona            |     2 |       |       ||     2
       Ensorcelled Hiber |     5 |    22 |     7 ||    34
       Confuse           |       |     3 |     1 ||     4
  Use: Potion            |       |     1 |     1 ||     2
       Scroll            |       |    11 |       ||    11
 Stab: Sleeping          |    14 |    27 |    13 ||    54
       Confused          |       |       |     1 ||     1
